 Dungeon Crawl Stone Soup version 0.19-a0-997-gd62de01 (webtiles) character file.

109 Sixotanaka the Slasher (level 4, -3/29 HPs)
             Began as a High Elf Skald on July 17, 2016.
             Killed from afar by an orc wizard (9 damage)
             ... with a puff of flame
             ... on level 3 of the Dungeon.
             The game lasted 00:05:23 (3102 turns).

Sixotanaka the Slasher (High Elf Skald)             Turns: 3102, Time: 00:05:24

Health: -3/29      AC:  3    Str: 11    XL:     4   Next: 59%
Magic:  9/17       EV: 11    Int: 16    God:
Gold:   268        SH:  0    Dex: 15    Spells: 3 memorised, 1 level left

rFire  . . .     SeeInvis .     a - +0 falchion
rCold  . . .     Gourm    .     b - +0 leather armour
rNeg   . . .     Faith    .     (no shield)
rPois  .         Spirit   .     (no helmet)
rElec  .         Dismiss  .     (no cloak)
rCorr  .         Reflect  .     (no gloves)
SustAt .         Harm     .     (no boots)
MR     .....                    f - amulet of rage
Stlth  +.........               (no ring)
                                q - ring of magical power

@: not resistant to hostile enchantments, very unstealthy
A: no striking features
a: Evoke Berserk Rage


You were on level 3 of the Dungeon.
You were not hungry.

You visited 1 branch of the dungeon, and saw 3 of its levels.

You collected 268 gold pieces.


   Skills:
 - Level 2.0 Fighting
 * Level 5.7 Long Blades
 - Level 0.8 Armour
 - Level 1.1 Dodging
 - Level 2.4 Spellcasting
 + Level 3.9 Charms


You had one spell level left.
You knew the following spells:

 Your Spells              Type           Power        Failure   Level  Hunger
a - Shroud of Golubria    Chrm/Tloc      #.........   17%         2    ###....
c - Spectral Weapon       Hex/Chrm       #.......     34%         3    ###....
z - Infusion              Chrm           ##..         6%          1    #......


Dungeon Overview and Level Annotations

Branches:
Dungeon (3/15)

Altars:
Fedhas
Gozag
Kikubaaqudgha
Nemelex Xobeh

Annotations:
D:3 Guenter's ghost, amateur FoFi

Inventory:

Hand Weapons
 a - a +0 falchion (weapon)
 s - a +0 blowgun
   (You took it off a kobold on level 3 of the Dungeon)
Missiles
 i - 8 tomahawks (quivered)
 j - 2 throwing nets {!f}
 t - 4 poisoned needles
Armour
 b - a +0 leather armour (worn)
Jewellery
 f - an amulet of rage (around neck)
   (You found it on level 1 of the Dungeon)
 m - an uncursed amulet of rage
   (You found it on level 2 of the Dungeon)
 q - a ring of magical power (left hand)
   (You found it on level 3 of the Dungeon)
Scrolls
 k - 2 scrolls of identify {unknown}
 l - 2 scrolls of fear {unknown}
 n - 2 scrolls of remove curse {unknown}
 p - a scroll of enchant armour {unknown}
 r - a scroll of teleportation {unknown}
Potions
 e - a potion of curing {@q1}
 h - 2 potions of agility {unknown}
 o - a potion of might {unknown}
 u - a potion of degeneration {unknown}
Books
 c - a book of Battle
Comestibles
 d - 3 bread rations {@e1}
 g - a chunk of flesh

≈§§§≈≈≈.≈≈≈≈
#.#
#.########
≈§≈###§.§
#.#
#.....÷...
≈.§# ≈.≈ #.#
##########
≈.≈# §≈# #.#
≈.≈≈ ≈≈≈ #.#
...§. ..§.
#.# §§§≈≈≈
≈§§§ #.# §
#≈.#####.#
§.
#≈.r.@...#
#≈.o######
≈≈§≈≈..
..§....
≈§§≈§o.
≈###≈.. #≈r.
#≈..


You could see an orc and a rat.


Message History

You hit the orc wizard.
Your shroud bends the orc wizard's attack away.
You barely miss the orc wizard. The orc wizard barely misses you.
You closely miss the orc wizard.
Your shroud begins to fray at the edges.
The orc wizard hits you but does no damage.
You miss the orc wizard.
Your shroud bends the orc wizard's attack away.
You barely miss the orc wizard.
The orc wizard mumbles some strange words.
The orc wizard flickers and vanishes!
Deactivating autopickup; reactivate with Ctrl-A.
Your leather armour prevents you from hitting the orc.
You hear some strange, mumbled words.
You slash the orc!
You kill the orc!
You miss something.
Your shroud bends something's attack away.
Something hits you but does no damage.
You closely miss something.
Your shroud unravels.
Your magical infusion is running out.
Something hits you.
You barely miss something.
You hear some strange, mumbled words.
A magic dart appears from out of thin air!
The magic dart hits you! Something hits you.
* * * LOW HITPOINT WARNING * * *
You miss something. Something hits you but does no damage.
You miss something.
Something hits you but does no damage. x2
You miss something. Something hits you but does no damage.
You closely miss something.
You hear some strange, mumbled words.
A puff of flame appears from out of thin air!
The puff of flame misses you. Something hits you.
* * * LOW HITPOINT WARNING * * *
You hit something.
You are no longer magically infusing your attacks.
Something hits you but does no damage.
You closely miss something. Something hits you but does no damage.
The rat twitches its whiskers.
You hear some strange, mumbled words.
A puff of flame appears from out of thin air!
The puff of flame hits you!
* * * LOW HITPOINT WARNING * * *
Unknown command.
It was a potion of curing.
You feel better.
You hear some strange, mumbled words.
A puff of flame appears from out of thin air!
The puff of flame hits you!
You die...

Vault maps used:
D:1:      mrwooster_arrival_statue_2
D:2:      grunt_temple_overflow_growth_and_decay, overflow_temple_1_default,
          ecumenical_altar_1
D:3:      nicolae_overflow_hidden_temple, kennysheep_boxes

Vanquished Creatures
  3 adders (D:3)
  2 oozes
  A worm (D:2)
  2 dart slugs
  3 giant geckos
  An orc (D:3)
  4 giant cockroaches
  5 goblins
  3 hobgoblins
  11 jackals
  5 kobolds
  A quokka (D:3)
  6 bats
  2 giant newts (D:1)
  11 rats
60 creatures vanquished.

Table legend:
 A = Turns spent in this place as a percentage of turns spent in the entire game.
 B = Non-inter-level travel turns spent in this place as a percentage of non-inter-level travel turns spent in the entire game.
 C = Inter-level travel turns spent in this place as a percentage of turns spent in this place.
 D = Turns resting spent in this place as a percentage of non-inter-level travel turns spent in this place.
 E = Turns spent auto-exploring this place as a percentage of non-inter-level travel turns spent in this place.
 F = Non-inter-level travel turns spent in this place divided by the number of levels of this place that you've seen.
                   A       B       C       D       E      F
               +-------+-------+-------+-------+-------+----------------------
         Total | 100.0 | 100.0 |   0.5 |   7.3 |  15.0 | 268.7
       Dungeon | 100.0 | 100.0 |   0.5 |   7.3 |  15.0 | 268.7
               +-------+-------+-------+-------+-------+----------------------

Table legend:
 A = Kills in this place as a percentage of kills in entire the game.
 B = Kills by you in this place as a percentage of kills by you in the entire game.
 C = Kills by friends in this place as a percentage of kills by friends in the entire game.
 D = Other kills in this place as a percentage of other kills in the entire game.
 E = Experience gained in this place as a percentage of experience gained in the entire game.
 F = Experience gained in this place divided by the number of levels of this place that you have seen.
                   A       B       C       D       E      F
               +-------+-------+-------+-------+-------+----------------------
         Total | 100.0 | 100.0 |  -nan |  -nan | 100.0 |  52.0
       Dungeon | 100.0 | 100.0 |  -nan |  -nan | 100.0 |  52.0
               +-------+-------+-------+-------+-------+----------------------

Notes
Turn   | Place    | Note
-------+----------+-------------------------------------------
     0 | D:1      | Sixotanaka the High Elf Skald began the quest for the Orb.
     0 | D:1      | Reached XP level 1. HP: 14/14 MP: 4/4
    33 | D:1      | Reached skill level 3 in Long Blades
   199 | D:1      | HP: 2/14 [giant gecko (3)]
   201 | D:1      | Reached XP level 2. HP: 1/19 MP: 6/6
   469 | D:1      | Learned a level 2 spell: Shroud of Golubria
   532 | D:1      | Reached skill level 4 in Long Blades
   670 | D:1      | Reached XP level 3. HP: 14/24 MP: 3/7
   681 | D:1      | HP: 5/24 [hobgoblin (5)]
  1371 | D:2      | Found a faded altar of an unknown god.
  1533 | D:2      | Found an ancient bone altar of Kikubaaqudgha.
  1533 | D:2      | Found a blossoming altar of Fedhas.
  1544 | D:2      | Reached skill level 5 in Long Blades
  1665 | D:2      | Found a sparkling altar of Nemelex Xobeh.
  1965 | D:3      | Found an opulent altar of Gozag.
  2025 | D:3      | HP: 6/24 [poisoned by a kobold]
  2271 | D:3      | Noticed Guenter's ghost (amateur FoFi)
  2378 | D:3      | Reached XP level 4. HP: 25/29 MP: 8/8
  2547 | D:3      | Learned a level 3 spell: Spectral Weapon
  3101 | D:3      | HP: 1/29 [something/puff of flame (11)]
  3102 | D:3      | Killed from afar by an orc wizard

Action                   |  1- 3 |  4- 6 || total
-------------------------+-------+-------++-------
Melee: Falchion          |   170 |    52 ||   222
 Cast: Infusion          |    11 |     4 ||    15
       Shroud of Golubri |     1 |     3 ||     4
  Use: Potion            |       |     1 ||     1
 Stab: Sleeping          |     1 |       ||     1
  Eat: Chunk             |     4 |       ||     4
       Meat ration       |     1 |       ||     1
Armor: Leather armour    |    31 |     5 ||    36
Dodge: Dodged            |    88 |    20 ||   108
